 Dungeon Crawl Stone Soup version 0.29-a0-221-gceb61267dd (webtiles) character file.

Game seed: 14617275190293942208

54 GraveyardiganJr the Vexing (level 3, -7/20 HPs)
             Began as a Deep Elf Arcane Marksman on Feb 26, 2022.
             Killed from afar by a white imp (10 damage)
             ... with a puff of frost
             ... summoned by Natasha
             ... on level 2 of the Dungeon.
             The game lasted 00:11:32 (2334 turns).

GraveyardiganJr the Vexing (DEAM)                   Turns: 2334, Time: 00:11:33

Health: -7/20      AC:  2    Str:  7    XL:     3   Next: 66%
Magic:  16/17      EV: 13    Int: 17    God:
Gold:   35         SH:  0    Dex: 17    Spells: 5/6 levels left

rFire   . . .      SeeInvis .   a - +0 shortbow
rCold   . . .      Faith    .   (shield currently unavailable)
rNeg    . . .      Spirit   .   e - +0 robe
rPois   .          Reflect  .   (no helmet)
rElec   .          Harm     .   (no cloak)
rCorr   .          Rampage  .   (no gloves)
Will    .....                   (no boots)
Stlth   ++........              (no amulet)
HPRegen 0.06/turn               g - ring of magical power
MPRegen 0.15/turn               (no ring)

@: slowed, very slow
A: no striking features
a: no special abilities


You were on level 2 of the Dungeon.
You visited 1 branch of the dungeon, and saw 2 of its levels.

You collected 35 gold pieces.

Inventory:

Hand Weapons
 a - a +0 shortbow (weapon)
 b - a +0 dagger
Armour
 e - a +0 robe (worn)
Jewellery
 g - a ring of magical power (left hand)
Scrolls
 c - a scroll of fear {unknown}
 d - a scroll of identify {unknown}
 i - a scroll of immolation {unknown}
Potions
 f - a potion of invisibility {unknown}
 h - a potion of cancellation
 j - a potion of heal wounds {unknown}


   Skills:
 + Level 0.7 Fighting
 + Level 4.4 Bows
 + Level 2.7 Dodging
 + Level 2.3 Spellcasting
 * Level 4.4 Hexes


You had 5 spell levels left.
You knew the following spells:

 Your Spells              Type           Power      Damage    Failure   Level
o - Slow                  Hex            68%        N/A       3%          1

Your spell library contained the following spells:

 Spells                   Type           Power      Damage    Failure   Level
 Inner Flame              Hex/Fire       9%         N/A       22%         3
 Portal Projectile        Hex/Tloc       18%        N/A       22%         3
 Cause Fear               Hex            8%         N/A       30%         4
 Ozocubu's Armour         Ice            2%         N/A       50%         3
 Metabolic Englaciation   Hex/Ice        4%         N/A       91%         5
 Simulacrum               Ice/Necr       1%         N/A       100%        6


Dungeon Overview and Level Annotations

Branches:
Dungeon (2/15)

Altars:

Shops:
D:2 [

Annotations:
D:2 Natasha


Message History

You shoot an arrow. The arrow hits Natasha.
Natasha is lightly wounded.
Natasha stares at you and mumbles some strange words.
You feel yourself slow down.
Shoot: a) +0 shortbow
Press: ? - help, Q - select action, (/) - cycle Shift-Dir - straight line, f/p - Natasha
Aim: Natasha (lightly wounded, slow, 55% to hit)
You shoot an arrow. The arrow hits Natasha.
Natasha is moderately wounded.
Natasha claws you but does no damage. Natasha claws you.
* * * LOW HITPOINT WARNING * * *
Unknown command.
Shoot: a) +0 shortbow
Press: ? - help, Q - select action, (/) - cycle Shift-Dir - straight line, f/p - Natasha
Aim: Natasha (moderately wounded, slow, 55% to hit)
You shoot an arrow. The arrow misses Natasha.
Natasha closely misses you.
Shoot: a) +0 shortbow
Press: ? - help, Q - select action, (/) - cycle Shift-Dir - straight line, f/p - Natasha
Aim: Natasha (moderately wounded, slow, 55% to hit)
You shoot an arrow. The arrow hits Natasha!
Natasha is severely wounded.
Natasha casts a spell.
Shoot: a) +0 shortbow
Press: ? - help, Q - select action, (/) - cycle Shift-Dir - straight line, f/p - Natasha
Aim: Natasha (severely wounded, slow, 55% to hit)
You shoot an arrow. The arrow barely misses Natasha.
Natasha growls.
Natasha mumbles some strange words.
Natasha barely misses you. The white imp barely misses you.
Shoot: a) +0 shortbow
Press: ? - help, Q - select action, (/) - cycle Shift-Dir - straight line, f/p - Natasha
Aim: Natasha (severely wounded, slow, 55% to hit)
You shoot an arrow. The arrow closely misses Natasha.
The white imp hits you but does no damage.
The white imp spits at you. The white imp gestures at you.
The puff of frost hits you!
Ouch! That really hurt!
You die...

#.......∩.....
+........#####
#....)...# #........# .
#.......†##### ...
#........'....
)...#######........#####
......5.....##..########
......5@................
....##h####.##.........#
. #. #.##..######.# #.
##.# .........# .. #..[.
.....### #.
#.#.#######.### #.
#........#..... #.
#.....##.#..### #.
#..†..<#.#..###


You could see Natasha (slow) and 2 white imps.

Vanquished Creatures
  2 adders (D:2)
  A dart slug (D:1)
  5 endoplasms (D:1)
  A giant cockroach (D:2)
  4 goblins
  4 hobgoblins
  4 quokkas (D:1)
  3 ball pythons
  2 bats (D:1)
  A frilled lizard (D:1)
  3 kobolds (D:1)
  2 rats
32 creatures vanquished.

Notes
Turn   | Place    | Note
-------+----------+-------------------------------------------
     0 | D:1      | GraveyardiganJr the Deep Elf Arcane Marksman began the
                  | quest for the Orb.
     0 | D:1      | Reached XP level 1. HP: 11/11 MP: 5/5
   432 | D:1      | Reached XP level 2. HP: 2/16 MP: 1/6
  1857 | D:1      | Reached XP level 3. HP: 20/20 MP: 8/8
  2205 | D:2      | Found Ciedeill's Antique Armour Emporium.
  2323 | D:2      | Noticed Natasha
  2334 | D:2      | Killed from afar by a white imp

Illustrated notes

Levels and vault maps discovered:
D:1:      shiori_arrival_oz, layout_loops_corners
D:2:      layout_basic, serial_shops, shop, basic_altar, corexii_shack,
          uniq_jessica, uniq_natasha

Skill      XL: |  1  2  3 |
---------------+----------+-----
Bows           | 3 4 |  4.4
Spellcasting   | 2 |  2.3
Fighting       | |  0.7
Dodging        | |  2.7
Hexes          | |  4.4

Action                   || total
-------------------------++-------
Melee: Dagger            ||     5
 Fire: Shortbow          ||   103
 Cast: Slow              ||    31
  Use: Potion            ||     1
 Stab: Sleeping          ||     1
Armor: Robe              ||    12
Dodge: Dodged            ||    27

Table legend: (Time is in decaauts)
 A = Elapsed time spent in this place.
 B = Non-inter-level travel time spent in this place.
 C = Inter-level travel time spent in this place.
 D = Time resting spent in this place.
 E = Time spent auto-exploring this place.
 F = Levels seen in this place.
 G = Mean time per level.
                   A        B        C        D        E       F      G
               +--------+--------+--------+--------+--------+-----+--------+
         Total |   2361 |   2294 |     67 |    586 |   1230 |   2 | 1180.5 |
       Dungeon |   2361 |   2294 |     67 |    586 |   1230 |   2 | 1180.5 |
               +--------+--------+--------+--------+--------+-----+--------+

Top non-repeatable levels by time:
     D:1: 1925 daAuts
     D:2: 436 daAuts
